 Dungeon Crawl Stone Soup version 0.30.1-11-g7821555f0a (webtiles) character file.

Game seed: 1195896073561373311

3182240 Amplified the Minotaur Barricade (level 27, 273/273 HPs)
             Began as a Minotaur Hexslinger on Oct 22, 2023.
             Was a High Priest of the Shining One.
             Escaped with the Orb
             ... and 5 runes on Oct 29, 2023!
             The game lasted 02:07:01 (71456 turns).

Amplified the Minotaur Barricade (MiHs)            Turns: 71456, Time: 02:07:02

Health: 273/273    AC: 44    Str: 29    XL:     27
Magic:  38/38      EV: 15    Int: 14    God:    the Shining One [*****.]
Gold:   4921       SH: 37    Dex: 13    Spells: 36/42 levels left

rFire   + + .        E - +9 sacred scourge (holy)
rCold   + + +        d - +8 tower shield {rC+}
rNeg    + + +        P - +2 gold dragon scales
rPois   +            k - +2 hat
rElec   +            h - +4 dragonskin cloak
rCorr   +            G - +1 pair of gloves of Deol {rElec rN+}
SInv    +            M - +2 pair of boots {Fly}
Will    ++++.        V - amulet of reflection Stlth
                     u - ring of Muur {rC+ Will+ Str+6 SInv Stlth-}
HPRegen 0.65/turn    R - ring of Cynicism {Wiz rElec rF+ rC+ rCorr}
MPRegen 0.26/turn

%: reflection, wizardry (x1)
@: flying, glowing, studying 2 skills
A: horns 2, retaliatory headbutt, claws 2, strong-willed 1, shaggy fur 1,
MP-powered wands
0: Orb of Zot
}: 5/15 runes: decaying, serpentine, slimy, silver, abyssal
a: Renounce Religion, Divine Shield, Cleansing Flame, Summon Divine Warrior


You escaped.
You worshipped the Shining One.
The Shining One was extremely pleased with you.
You visited 11 branches of the dungeon, and saw 55 of its levels.
You visited the Abyss 2 times.
You visited 1 ziggurat, and saw 11 of its levels.
You also visited: Trove, Ice Cave and Wizlab.

You collected 8768 gold pieces.
You spent 3847 gold pieces at shops.

Inventory:

Hand Weapons
 E - a +9 sacred scourge of holy wrath (weapon)
 Z - a +9 eveningstar of freezing
Missiles
 U - 9 curare-tipped darts (quivered)
Armour
 d - a +8 tower shield of cold resistance (worn)
 h - the +4 dragonskin cloak (worn)
   (You took it off Tiamat on level 4 of the Depths)

   Avatar's Aegis: It grants the wearer a chance to resist fire, cold, poison,
   electricity, acid, and negative energy.
 k - a +2 hat (worn)
 n - the +1 cloak of Dim Light {rElec rN+}
   (You found it on level 4 of the Vaults)

   rElec:     It insulates you from electricity.
   rN:        It protects you from negative energy.
 x - the +7 chain mail of the Great Game {rPois MP+9 Str+3}
   (You found it on level 4 of the Vaults)

   Str:       It affects your strength (+3).
   rPois:     It protects you from poison.
   MP:        It affects your magic capacity (+9).
 G - the +1 pair of gloves of Deol (worn) {rElec rN+}
   (You found it on level 2 of the Vaults)

   rElec:     It insulates you from electricity.
   rN:        It protects you from negative energy.
 M - a +2 pair of boots of flying (worn)
 P - +2 gold dragon scales (worn)
Jewellery
 u - the ring of Muur (left hand) {rC+ Will+ Str+6 SInv Stlth-}
   (You took it off an ironbound preserver on level 5 of the Vaults)

   [ring of see invisible]

   Str:       It affects your strength (+6).
   rC:        It protects you from cold.
   SInv:      It lets you see invisible.
   Will:      It increases your willpower.
   Stlth:     It makes you less stealthy.
 y - the ring "Qothel" {Fly rElec rPois Slay+3}
   (You took it off a deep elf blademaster on level 3 of the Elven Halls)

   [ring of flight]

   Slay:      It affects your accuracy & damage with ranged weapons and melee
   (+3).
   rElec:     It insulates you from electricity.
   rPois:     It protects you from poison.
   Fly:       It grants you flight.
 B - the ring of Ecoje {rCorr Slay+5}
   (You took it off a deep elf master archer on level 3 of the Elven Halls)

   [ring of resist corrosion]

   Slay:      It affects your accuracy & damage with ranged weapons and melee
   (+5).
   rCorr:     It protects you from acid and corrosion.
 C - the ring of the Two Names {Will+++ MP+9 Int+2}
   (You bought it in a shop on level 3 of the Vaults)

   [ring of magical power]

   Int:       It affects your intelligence (+2).
   MP:        It affects your magic capacity (+9).
   Will:      It greatly increases your willpower.
 L - the ring "Fateomirr" {rPois rC+ Int+3 Dex+4}
   (You found it on level 9 of a ziggurat)

   [ring of protection from cold]

   Int:       It affects your intelligence (+3).
   Dex:       It affects your dexterity (+4).
   rC:        It protects you from cold.
   rPois:     It protects you from poison.
 R - the ring of Cynicism (right hand) {Wiz rElec rF+ rC+ rCorr}
   (You took it off an ironbound preserver on level 5 of the Vaults)

   [ring of wizardry]

   It improves your spell success rate.
   rF:        It protects you from fire.
   rC:        It protects you from cold.
   rElec:     It insulates you from electricity.
   rCorr:     It protects you from acid and corrosion.
 V - an amulet of reflection (around neck)
Wands
 e - a wand of paralysis (45)
 f - a wand of digging (1)
 g - a wand of polymorph (10)
 s - a wand of mindburst (60)
 t - a wand of acid (23)
 D - a wand of flame (35)
 Y - a wand of roots (44)
Scrolls
 a - 10 scrolls of fear
 b - 15 scrolls of poison
 c - 5 scrolls of butterflies
 l - 44 scrolls of identify
 p - 17 scrolls of teleportation
 z - 4 scrolls of silence
 F - 2 scrolls of blinking
 I - 10 scrolls of immolation
 N - 2 scrolls of enchant weapon
 Q - 2 scrolls of magic mapping
Potions
 i - 10 potions of might
 j - 5 potions of magic
 m - 20 potions of mutation
 o - 6 potions of flight
 q - 3 potions of haste
 v - 2 potions of berserk rage
 A - 13 potions of lignification
 H - 9 potions of attraction
 J - 8 potions of cancellation
 K - 19 potions of curing
 O - 3 potions of heal wounds
 T - 16 potions of brilliance
 W - 5 potions of ambrosia
Miscellaneous
 r - a condenser vane
 X - a phantom mirror


   Skills:
 O Level 27 Fighting
 - Level 16.3 Maces & Flails
 - Level 2.1 Ranged Weapons
 - Level 13.3 Throwing
 * Level 25.0 Armour
 * Level 21.0 Dodging
 O Level 27 Shields
 - Level 8.3 Spellcasting
 - Level 2.0 Hexes
 - Level 6.5 Translocations
 - Level 24.3 Invocations


You had 36 spell levels left.
You knew the following spells:

 Your Spells              Type           Power      Damage    Failure   Level
a - Slow                  Hex            44%        N/A       14%         1
b - Apportation           Tloc           48%        N/A       2%          1
c - Manifold Assault      Tloc           24%        N/A       22%         4

Your spell library contained the following spells:

 Spells                   Type           Power      Damage    Failure   Level
 Blink                    Tloc           48%        N/A       3%          2
 Portal Projectile        Hex/Tloc       34%        N/A       16%         3
 Passage of Golubria      Tloc           24%        N/A       22%         4
 Vhi's Electric Charge    Tloc/Air       28%        N/A       26%         3
 Volatile Blastmotes      Fire/Tloc      28%        2d12      26%         3
 Beastly Appendage        Tmut           10%        N/A       32%         1
 Foxfire                  Conj/Fire      20%        2x1d5     32%         1
 Freeze                   Ice            20%        1d4       32%         1
 Kiss of Death            Conj/Necr      20%        2d7       32%         1
 Magic Dart               Conj           20%        1d4       32%         1
 Necrotise                Necr           20%        1d5       32%         1
 Sandblast                Erth           10%        2d5       32%         1
 Sting                    Tmut/Pois      20%        1d4       32%         1
 Summon Small Mammal      Summ           20%        N/A       32%         1
 Ensorcelled Hibernation  Hex/Ice        16%        N/A       32%         2
 Confusing Touch          Hex            11%        N/A       38%         3
 Tukima's Dance           Hex            11%        N/A       38%         3
 Call Imp                 Summ           10%        N/A       43%         2
 Passwall                 Tmut/Erth      4%         N/A       43%         2
 Poisonous Vapours        Pois/Air       10%        N/A       43%         2
 Searing Ray              Conj           10%        2d4       43%         2
 Static Discharge         Conj/Air       10%        2-3/arc   43%         2
 Sublimation of Blood     Necr           5%         N/A       43%         2
 Wereblood                Tmut           5%         N/A       43%         2
 Dazzling Flash           Conj/Hex       16%        N/A       52%         3
 Inner Flame              Hex/Fire       8%         N/A       52%         3
 Summon Guardian Golem    Hex/Summ       8%         N/A       52%         3
 Iskenderun's Mystic Bla  Conj/Tloc      14%        2d5       61%         4
 Call Canine Familiar     Summ           5%         N/A       65%         3
 Frozen Ramparts          Ice            10%        1d2       65%         3
 Hailstorm                Conj/Ice       5%         3d4       65%         3
 Ignite Poison            Fire/Tmut/Pois 5%         N/A       65%         3
 Mephitic Cloud           Conj/Pois/Air  5%         N/A       65%         3
 Ozocubu's Armour         Ice            5%         N/A       65%         3
 Stone Arrow              Conj/Erth      10%        3d7       65%         3
 Vampiric Draining        Necr           5%         2d6       65%         3
 Cause Fear               Hex            5%         N/A       77%         4
 Anguish                  Hex/Necr       4%         N/A       88%         4
 Fulminant Prism          Conj/Hex       4%         3d5       88%         4
 Summon Forest            Summ/Tloc      7%         N/A       90%         5
 Airstrike                Air            2%         2d(1-17)  95%         4
 Animate Armour           Summ/Erth      10%        N/A       95%         4
 Dispel Undead            Necr           5%         3d7       95%         4
 Flame Wave               Conj/Fire      5%         2d5       95%         4
 Ice Form                 Ice/Tmut       5%         N/A       95%         4
 Olgreb's Toxic Radiance  Pois           5%         N/A       95%         4
 Petrify                  Tmut/Erth      5%         N/A       95%         4
 Sticky Flame             Conj/Fire      5%         2d3       95%         4
 Summon Ice Beast         Ice/Summ       5%         N/A       95%         4
 Summon Lightning Spire   Summ/Air       5%         N/A       95%         4
 Metabolic Englaciation   Hex/Ice        4%         N/A       99%         5
 Summon Mana Viper        Hex/Summ       8%         N/A       99%         5
 Yara's Violent Unravell  Hex/Tmut       4%         3d4       99%         5
 Alistair's Intoxication  Tmut/Pois      3%         N/A       100%        5
 Arcjolt                  Conj/Air       2%         1d12      100%        5
 Blade Hands              Tmut           2%         N/A       100%        5
 Borgnjor's Vile Clutch   Necr/Erth      2%         N/A       100%        5
 Fireball                 Conj/Fire      2%         3d4       100%        5
 Irradiate                Conj/Tmut      2%         3d12      100%        5
 Iskenderun's Battlesphe  Conj           5%         2d6       100%        5
 Lee's Rapid Deconstruct  Erth           2%         3d5*      100%        5
 Death Channel            Necr           2%         N/A       100%        6
 Eringya's Noxious Bog    Tmut/Pois      2%         N/A       100%        6
 Iron Shot                Conj/Erth      2%         9d2       100%        6
 Plasma Beam              Fire/Air       2%         2x1d14    100%        6
 Simulacrum               Ice/Necr       2%         N/A       100%        6
 Starburst                Conj/Fire      2%         6d3       100%        6
 Statue Form              Tmut/Erth      3%         N/A       100%        6
 Summon Cactus Giant      Summ           2%         N/A       100%        6
 Dragon Form              Tmut           2%         N/A       100%        7
 Enfeeble                 Hex            5%         N/A       100%        7
 Monstrous Menagerie      Summ           2%         N/A       100%        7
 Ozocubu's Refrigeration  Ice            2%         4d8       100%        7
 Spellforged Servitor     Conj/Summ      2%         N/A       100%        7
 Storm Form               Tmut/Air       2%         N/A       100%        7
 Summon Hydra             Summ           2%         N/A       100%        7
 Ignition                 Fire           2%         3d3       100%        8
 Lehudib's Crystal Spear  Conj/Erth      2%         10d2      100%        8
 Maxwell's Capacitive Co  Air            2%         ∞         100%        8
 Dragon's Call            Summ           2%         N/A       100%        9
 Polar Vortex             Ice            2%         N/A       100%        9


Dungeon Overview and Level Annotations

Branches:
Dungeon (15/15)            Temple (0/1) D:7            Lair (5/5) D:8
  Swamp (4/4) Lair:3        Snake (4/4) Lair:3        Slime (5/5) Lair:4
    Orc (2/2) D:11            Elf (3/3) Orc:2        Vaults (5/5) D:14
  Crypt (3/3) Vaults:3       Tomb (0/3) Crypt:3      Depths (4/4) D:15
    Zot (5/5) Depths:4      IceCv (visited)          WizLab (visited)

Altars:
Cheibriados
Gozag
Hepliaklqana
Kikubaaqudgha
Makhleb
Nemelex Xobeh
Okawaru
Qazlal
Ru
Vehumet
Xom
Yredelemnul
Zin
The Shining One
Jiyva

Shops:
D:7 *   D:12 *   D:14 (   Orc:2 !!((   Elf:1 (   Elf:3 ?**   Vaults:3 =
Vaults:4 !   Vaults:5 =   Depths:1 *

Portals:
Hell: Depths:1 Depths:2 Depths:3 Depths:4
Abyss: Depths:3
Pandemonium: Depths:2 Depths:3

Annotations:
Snake:4 All danger up
Depths:4 1 runed translucent door
Zot:5 exclusion: obsidian statue


Innate Abilities, Weirdness & Mutations

You have a pair of horns on your head.
You reflexively headbutt those who attack you in melee.
You have very sharp fingernails.
You are strong-willed. (Will+)
You are covered in fur. (AC +1)
You expend magic power (3 MP) to strengthen your wands.


Message History

What level of the Dungeon? (default 1, ? - help)
There is a stone staircase leading up here.
You fly upwards.
There is a stone staircase leading down here.
There is a stone staircase leading up here.
You fly upwards.
There is a stone staircase leading down here.
A ynoxinul comes into view.
You barely miss the ynoxinul. You hit the ynoxinul.
The ynoxinul convulses!
The ynoxinul is heavily wounded.
You block the ynoxinul's attack.
You thrash the ynoxinul!!
You kill the ynoxinul!
The Shining One accepts your kill.
(D) Dungeon (T) Temple (L) Lair (S) Swamp (P) Snake Pit (M) Slime Pits (O) Orcish Mines (E) Elven Halls (V) Vaults (C) Crypt (W) Tomb (U) Depths (H) Hell (Z) Zot
Where to? (Enter - D:1, ? - help)
What level of the Dungeon? (default 1, ? - help)
You see here a +0 mace.
There is a stone staircase leading up here.
You fly upwards.
There is a stone staircase leading down here.
There is a stone staircase leading up here.
You fly upwards.
There is a stone staircase leading down here.
There is a stone staircase leading up here.
You fly upwards.
There is a stone staircase leading down here.
Aiming: Dig
Press: ? - help, Shift-Dir - straight line A rock wall.
This square is lit by a halo and is covered in magical glow.
You feel a surge of power!
The rock shatters into small pieces.
Unknown command.
There is a staircase leading out of the dungeon here.
Magic restored.
You have escaped!

........#
#.........####...##.#
........# ##.......##
#^#.##.# ........#
###......# #.####..
........# #...#....#
###.## ### #########
#..#....## #....# ...#
####....# #.#..# ...#
#....## #.#..## ...#
##....# #..#..# ...#
#..@..# ##.#..### ...#
#....## #.###...#
...############..##
##.# #...##
.................# #..#
##...#
........######..##
###.## #...# ##......#
#### ##.(.# ##...
#......#
##########....# ###.
#......#
#........##..#######...
##......#
#.######.#......##...##


There were no monsters in sight!

Vanquished Creatures
  the Royal Jelly (Slime:5)
  Mara (Vaults:2)
  2 pandemonium lords
  5 orbs of fire
  5 ancient liches
  4 dread liches
  Mennas (Vaults:5)
  A juggernaut (Zot:1)
  7 Killer Klowns
  A shard shrike (Zot:1)
  Bai Suzhen (Crypt:2)
  A caustic shrike (Zot:5)
  Vashnia (Snake:3)
  10 golden dragons
  4 curse toes
  A profane servitor (Zig:10)
  5 bone dragons
  A shard shrike zombie (Abyss:3)
  A Tzitzimitl (Zig:11)
  5 electric golems
  The ghost of ripuliukko the Eclecticist, an adept GrEE of Vehumet (Vaults:2)
  Rupert (Orc:2)
  21 tentacled monstrosities
  An Ice Fiend (D:13)
  Jorgrun (D:14)
  7 deep elf blademasters
  26 Orb Guardians
  Zenata (Vaults:2)
  10 liches
  The ghost of Yloucecuu the Ninja, a veteran SpEn of Dithmenos (Vaults:2)
  11 quicksilver dragons
  3 titans (Vaults:5)
  6 deep elf master archers
  2 Executioners (Zig:11)
  13 acid blobs
  Frances (D:13)
  3 tentacled starspawn (Abyss:3)
  7 ancient champions
  7 sphinxes
  6 death cobs
  A thorn hunter (WizLab)
  17 storm dragons
  5 tengu reavers
  8 shadow dragons
  5 draconian monks
  2 revenants
  Roxanne (D:14)
  8 nagarajas
  5 fire giants
  The ghost of Sueshom the Nimble, an adept GnMo of Makhleb (D:15)
  Donald (Swamp:3)
  6 rockslimes (Slime:5)
  2 fenstrider witches (WizLab)
  3 iron dragons
  7 azure jellies (Slime:5)
  4 deep elf sorcerers (Elf:3)
  Aizul (Swamp:4)
  6 draconian scorchers
  4 draconian knights
  The ghost of zen1337 the Devastator, a journeyman DsCj of Vehumet (Orc:2)
  8 frost giants
  2 ghost moths
  2 balrugs
  8 draconian shifters
  An iron dragon (shapeshifter) (D:15)
  17 ironbound preservers
  7 draconian stormcallers
  A ghoul (Crypt:2)
  3 cacodemons
  3 curse skulls
  18 vault wardens
  2 deep elf elementalists (Elf:3)
  The ghost of Kununneg the Eclecticist, a journeyman TeAE of Sif Muna (Snake:4)
  3 orc warlords
  28 very ugly things
  A spriggan defender (Depths:1)
  3 war gargoyles
  2 draconian annihilators
  6 reapers
  7 quicksilver oozes (Slime:5)
  A juggernaut skeleton (Crypt:2)
  4 caustic shrike skeletons (Crypt:3)
  16 stone giants
  A demonspawn corrupter (Zig:11)
  3 demonspawn blood saints
  7 eleionomae
  Nessos (D:14)
  10 ironbound thunderhulks
  14 vampire knights
  8 purple draconians
  10 black draconians
  8 green draconians
  5 deep elf annihilators
  17 yellow draconians
  11 red draconians
  9 deep elf demonologists
  3 spark wasps (Depths:3)
  2 demonspawn black suns
  11 white draconians
  3 bunyips
  8 dire elephants
  A lorocyproca (Zig:11)
  Azrael (Snake:2)
  7 eidola
  22 ettins
  A crystal guardian (Vaults:4)
  7 deep elf death magi
  Snorg (Lair:4)
  2 merfolk impalers
  2 entropy weavers
  7 fire dragons
  11 jiangshi
  16 yaktaur captains
  5 merfolk javelineers
  33 vault guards
  Erolcha (Orc:2)
  A hydra (shapeshifter) (D:15)
  5 deep elf high priests
  2 peacekeepers
  2 shambling mangroves
  9 great orbs of eyes
  8 ice dragons
  A rakshasa (D:10)
  3 spriggan air magi
  2 merfolk avatars (Zig:9)
  26 hydras
  7 ironbound frosthearts
  21 centaur warriors
  A salamander tyrant (Zig:6)
  A satyr (Zig:5)
  A death knight (Crypt:1)
  3 spriggan skeletons
  A merfolk aquamancer (Zig:9)
  16 anacondas
  2 catoblepae
  29 two-headed ogres
  7 alligators
  10 ogre magi
  28 dancing weapons
  2 boulder beetles
  9 tengu warriors
  2 deep troll shamans
  11 vampire magi
  6 deep troll earth magi
  2 titan zombies
  3 hell hogs (Abyss:3)
  A death yak (Zig:8)
  2 orc high priests
  12 shock serpents
  4 thrashing horrors (Abyss:3)
  6 spriggan berserkers
  25 naga sharpshooters
  19 naga warriors
  A storm dragon zombie (Crypt:2)
  Nergalle (Lair:1)
  8 deep elf knights
  3 soul eaters
  7 spriggans
  A sun demon (D:13)
  11 hell knights
  4 goliath frogs
  3 wretched stars (Abyss:3)
  A shadow wraith (Crypt:2)
  A titan skeleton (Crypt:3)
  5 salamander mystics
  3 sixfirhies
  48 skeletal warriors
  2 iron trolls
  An anaconda zombie (Crypt:3)
  A shadow demon (Abyss:3)
  3 skysharks
  A sea snake (Zig:9)
  11 flayed ghosts
  6 glowing orange brains
  7 deep elf archers
  9 wizards
  54 deep trolls
  11 large abominations
  4 spriggan druids
  2 anaconda skeletons (Crypt:3)
  3 bunyip skeletons (Crypt:3)
  18 bog bodies
  13 swamp dragons
  6 naga ritualists
  4 orange crystal statues
  3 spriggan simulacra
  4 obsidian statues
  A golden dragon skeleton (Crypt:3)
  9 necromancers
  7 mana vipers
  9 lindwurms
  6 orc knights
  31 deep elf zephyrmancers
  5 harpies
  24 ironbound convokers
  13 phantasmal warriors
  4 fauns
  31 deep elf pyromancers
  A glowing shapeshifter (Vaults:5)
  An orc sorcerer (Orc:2)
  A wolf spider (Vaults:2)
  53 ugly things
  An eleionoma zombie (Crypt:3)
  4 oklob plants
  A shining eye (shapeshifter) (Vaults:1)
  An iron dragon zombie (Crypt:1)
  A shadow dragon skeleton (Crypt:3)
  4 shining eyes
  5 will-o-the-wisps
  25 moths of wrath
  A cyclops (shapeshifter) (Vaults:1)
  16 salamanders
  10 cyclopes
  4 manticores
  21 vault sentinels
  2 eyes of devastation (shapeshifter) (D:15)
  2 worldbinders (Abyss:3)
  18 elephants
  An iron dragon skeleton (Crypt:3)
  37 black mambas
  A fire giant skeleton (Crypt:2)
  9 guardian serpents
  24 naga magi
  A moth of wrath (shapeshifter) (Vaults:1)
  2 torpor snails
  3 apocalypse crabs (Abyss:3)
  3 merfolk sirens (Zig:9)
  2 eyes of devastation
  A demonic crawler (Zig:11)
  A human zombie (Vaults:1)
  3 molten gargoyles (Lair:5)
  2 gargoyles (D:13)
  A rust devil (Zot:2)
  Maggie (D:8)
  A smoke demon (Abyss:3)
  2 orange demons
  19 cane toads
  An unseen horror (shapeshifter) (D:15)
  5 unseen horrors (Crypt:1)
  11 komodo dragons
  An alligator snapping turtle skeleton (Crypt:3)
  13 freezing wraiths
  A tormentor (Zig:11)
  3 efreet
  24 yaktaurs
  5 tengu conjurers
  2 golden dragon simulacra (IceCv)
  A swamp worm zombie (Crypt:2)
  11 trolls
  An ice devil (IceCv)
  5 ancient zymes (Abyss:3)
  A minotaur skeleton (Crypt:2)
  A polar bear (Lair:1)
  A death drake zombie (Crypt:3)
  A troll (shapeshifter) (Elf:1)
  5 merfolk (Zig:9)
  8 hornets
  8 meliai
  12 tyrant leeches
  A tarantella (shapeshifter) (D:15)
  A raiju (Abyss:3)
  4 blink frogs (Lair:1)
  A queen bee (Abyss:3)
  2 ice dragon zombies
  An ettin zombie (Vaults:1)
  A snapping turtle (shapeshifter) (Vaults:1)
  A snapping turtle (Zig:9)
  2 centaur simulacra
  A culicivora (shapeshifter) (D:15)
  62 slime creatures
  9 flying skulls (Crypt:3)
  A ynoxinul (D:4)
  7 air elementals
  A guardian serpent skeleton (Crypt:1)
  8 wyverns
  A shadow (D:11)
  7 wraiths
  A jumping spider (shapeshifter) (Depths:1)
  6 small abominations (Abyss:3)
  66 yaks
  A vampire (Depths:1)
  12 water elementals
  8 fire elementals
  A hog (Vaults:2)
  2 black mamba skeletons
  9 basilisks
  4 fire bats (Abyss:3)
  A golden eye (shapeshifter) (D:15)
  A yak (shapeshifter) (D:15)
  9 starcursed masses (Abyss:3)
  2 chaos spawn (Abyss:3)
  A minotaur simulacrum (IceCv)
  4 golden eyes (Slime:5)
  4 steam dragons
  4 neqoxecs
  A glowing shapeshifter zombie (Vaults:1)
  14 vampire mosquitoes
  Edmund (D:5)
  17 swamp worms
  The ghost of Quickbrownfox the Conjurer, an amateur DsCj (D:4)
  2 redbacks (Vaults:4)
  4 acid dragons
  2 wargs (Orc:1)
  A two-headed ogre zombie (Crypt:1)
  A harpy simulacrum (Crypt:2)
  59 nagas
  9 water moccasins
  A merfolk zombie (Crypt:2)
  4 hydra simulacra (IceCv)
  A fire bat skeleton (Crypt:1)
  6 hell hounds
  A floating eye (shapeshifter) (Vaults:1)
  A floating eye (Slime:5)
  3 naga skeletons
  7 swamp drakes
  An ice beast (Vaults:2)
  A demonspawn skeleton (Crypt:2)
  17 orc warriors
  3 sky beasts
  A black bear (Lair:1)
  4 ettin simulacra (IceCv)
  23 ogres
  10 centaurs
  3 phantoms
  4 wolves (Lair:3)
  9 bullfrogs
  A necrophage (Crypt:2)
  An earth elemental (Zig:7)
  A gnoll sergeant (D:9)
  A komodo dragon skeleton (Crypt:1)
  4 wights (D:8)
  4 killer bees (D:9)
  2 electric eels
  2 troll skeletons
  A vampire bat (Vaults:2)
  5 howler monkeys
  5 lava snakes (Lair:5)
  A jelly (D:7)
  3 hounds
  10 orc priests
  A gnoll bouda (D:9)
  2 iron imps (Abyss:3)
  21 orc wizards
  6 hell rats (Lair:4)
  A killer bee zombie (Crypt:3)
  A naga zombie (Crypt:1)
  An ogre skeleton (Crypt:2)
  A boggart simulacrum (D:14)
  A hound skeleton (Crypt:1)
  12 gnolls
  7 adders
  A white imp (D:5)
  3 ufetubi
  A worm zombie (Crypt:3)
  An adder skeleton (Crypt:1)
  A worm (D:3)
  2 dart slugs
  60 orcs
  6 ball pythons
  A bat skeleton (Crypt:3)
  4 endoplasms
  4 giant cockroaches
  14 goblins
  9 hobgoblins
  6 jackals
  5 quokkas
  6 bats
  A dart slug zombie (Crypt:3)
  2 frilled lizards (D:3)
  9 kobolds
  A quokka skeleton (Crypt:2)
  7 rats
  5 starspawn tentacles (Abyss:3)
2467 creatures vanquished.

Vanquished Creatures (collateral kills)
  A dread lich (Vaults:5)
  Tiamat (Depths:4)
  the Lernaean hydra (Swamp:4)
  An Orb Guardian (Zot:5)
  A storm dragon (Vaults:5)
  A vault warden (Vaults:5)
  2 stone giants (Vaults:5)
  A yaktaur captain (Vaults:5)
  3 vault guards (Vaults:5)
  A hell knight (Vaults:5)
  A phantasmal warrior (Vaults:5)
  A harpy (Vaults:5)
  A moth of wrath (Zot:5)
  A yaktaur (Vaults:5)
  A swamp drake (Swamp:4)
18 creatures vanquished.

Vanquished Creatures (others)
  Asterion (Elf:2)
  A thrashing horror (Abyss:3)
  A deep elf knight (Elf:1)
  A deep elf pyromancer (Elf:1)
  2 deep elf zephyrmancers
  A black mamba (Snake:1)
  A bloated husk (Swamp:2)
  A spriggan (Swamp:2)
  2 nagas
  An ogre (shapeshifter) (Vaults:5)
  2 orcs (D:8)
  14 foxfires (Swamp:4)
  37 spectral weapons
  9 starspawn tentacles (Abyss:3)
74 creatures vanquished.

Grand Total: 2559 creatures vanquished

Notes
Turn   | Place    | Note
-------+----------+-------------------------------------------
     0 | D:1      | Amplified the Minotaur Hexslinger began the quest for the
                  | Orb.
     0 | D:1      | Reached XP level 1. HP: 16/16 MP: 1/1
    51 | D:1      | Found a faded altar of an unknown god.
    75 | D:1      | Prayed at the altar of an unknown god.
    75 | D:1      | Became a worshipper of the Shining One
    75 | D:1      | Reached * piety under the Shining One
   176 | D:1      | Reached skill level 1 in Armour
   209 | D:1      | Reached XP level 2. HP: 24/24 MP: 2/2
   252 | D:1      | Reached skill level 1 in Maces & Flails
   970 | D:2      | Reached XP level 3. HP: 30/30 MP: 3/3
  1331 | D:2      | Reached skill level 1 in Shields
  1640 | D:3      | Reached XP level 4. HP: 37/37 MP: 4/4
  1669 | D:3      | Found a burning altar of Makhleb.
  1718 | D:3      | Found a snail-covered altar of Cheibriados.
  1718 | D:3      | Reached ** piety under the Shining One
  1864 | D:3      | Learned a level 1 spell: Apportation
  2202 | D:4      | Found an opulent altar of Gozag.
  2218 | D:4      | You fall into a shaft and drop 2 floors!
  2310 | D:6      | Noticed a bullfrog
  2314 | D:6      | Killed a bullfrog
  2315 | D:6      | Reached skill level 1 in Invocations
  2315 | D:6      | Reached XP level 5. HP: 42/45 MP: 5/5
  2347 | D:6      | Noticed a sky beast
  2356 | D:6      | Killed a sky beast
  2357 | D:6      | Reached XP level 6. HP: 46/52 MP: 6/6
  2402 | D:6      | Found a hazy altar of Hepliaklqana.
  2547 | D:6      | Found a sparkling altar of Nemelex Xobeh.
  2778 | D:6      | Identified the +8 spear "Zirar" {antimagic, rC+}
  3217 | D:7      | Found a staircase to the Ecumenical Temple.
  3222 | D:7      | Reached XP level 7. HP: 53/60 MP: 7/7
  3476 | D:7      | Found Laloel's CLEARANCE SALE!.
  3973 | D:5      | Entered Level 5 of the Dungeon
  4034 | D:5      | Found a sacrificial altar of Ru.
  4124 | D:5      | Noticed Edmund
  4133 | D:5      | Killed Edmund
  4134 | D:5      | Reached skill level 5 in Fighting
  4272 | D:5      | Reached XP level 8. HP: 59/68 MP: 9/9
  4389 | D:5      | Found a shimmering altar of Xom.
  4389 | D:5      | Found a glowing silver altar of Zin.
  4389 | D:5      | Noticed an angel
  4398 | D:5      | Reached skill level 5 in Armour
  4562 | D:4      | Reached skill level 5 in Maces & Flails
  4620 | D:4      | Found a runed translucent door.
  4774 | D:4      | Noticed Quickbrownfox's ghost (amateur DsCj)
  5027 | D:4      | Reached skill level 5 in Shields
  5036 | D:4      | Killed Quickbrownfox's ghost
  5203 | D:8      | Noticed Maggie
  5215 | D:8      | Reached XP level 9. HP: 56/78 MP: 11/11
  5237 | D:8      | Killed Maggie
  5238 | D:8      | Reached skill level 5 in Invocations
  5491 | D:8      | Found an iron altar of Okawaru.
  5677 | D:8      | Found a staircase to the Lair.
  5792 | D:8      | Found a stormy altar of Qazlal.
  5870 | D:9      | Reached *** piety under the Shining One
  5901 | D:9      | Noticed a two-headed ogre
  5920 | D:9      | Killed a two-headed ogre
  5921 | D:9      | Reached XP level 10. HP: 41/88 MP: 9/13
  6637 | D:10     | Entered Level 10 of the Dungeon
  6693 | D:10     | Noticed a two-headed ogre
  6715 | D:10     | Killed a two-headed ogre
  6720 | D:10     | Reached skill level 1 in Translocations
  6886 | D:10     | Found a basalt altar of Yredelemnul.
  6985 | D:10     | Noticed a deep elf pyromancer
  6985 | D:10     | Noticed a centaur warrior
  6985 | D:10     | Noticed a centaur warrior
  6992 | D:10     | Noticed a deep elf pyromancer
  6993 | D:10     | Noticed a tengu warrior
  6993 | D:10     | Noticed a brown ugly thing
  6993 | D:10     | Noticed a rakshasa
  6993 | D:10     | Noticed a manticore
  7106 | D:10     | Killed a centaur warrior
  7219 | D:10     | Reached XP level 11. HP: 97/97 MP: 15/15
  7258 | D:10     | Killed a deep elf pyromancer
  7302 | D:10     | Killed a tengu warrior
  7459 | D:10     | Killed a deep elf pyromancer
  7507 | D:10     | Killed a brown ugly thing
  7508 | D:10     | Reached XP level 12. HP: 72/105 MP: 16/16
  7529 | D:10     | Killed a rakshasa
  7754 | D:10     | Killed a centaur warrior
  8123 | D:11     | Reached **** piety under the Shining One
  8401 | D:11     | Reached skill level 10 in Fighting
  8500 | D:11     | Reached skill level 10 in Armour
  8539 | D:11     | Found a staircase to the Orcish Mines.
  8792 | D:12     | Found Dobruast's General Store.
  8800 | D:12     | Bought a scroll of teleportation for 48 gold pieces
  8800 | D:12     | Bought a scroll of enchant armour for 120 gold pieces
  9011 | D:12     | Noticed a two-headed ogre
  9018 | D:12     | Killed a two-headed ogre
  9649 | D:13     | Identified the +7 lajatang of the Building Butterfly
                  | {flame, rElec rF+ Str+3 Dex+3}
  9749 | D:13     | Noticed a centaur warrior
  9749 | D:13     | Noticed Frances
  9760 | D:13     | Killed a centaur warrior
  9761 | D:13     | Reached XP level 13. HP: 115/115 MP: 18/18
  9769 | D:13     | Killed Frances
 10266 | D:14     | Found a gate to the Vaults.
 10631 | D:14     | Identified Roxanne's Commentary on Transfiguration
 10631 | D:14     | Noticed Roxanne
 10678 | D:14     | Found Qemeivats's Antique Weapon Shoppe.
 10778 | D:14     | Noticed Nessos
 10806 | D:14     | Killed Nessos
 10886 | D:14     | Noticed Jorgrun
 10900 | D:14     | Killed Jorgrun
 10901 | D:14     | Reached skill level 10 in Invocations
 10901 | D:14     | Reached XP level 14. HP: 29/126 MP: 4/20
 11496 | D:14     | Killed Roxanne
 11509 | D:15     | Entered Level 15 of the Dungeon
 11837 | D:15     | Identified the +5 chain mail of Conscience {+Inv}
 12197 | D:15     | Found a staircase to the Depths.
 12331 | D:15     | Found a runed translucent gate.
 12332 | D:15     | Found a runed translucent gate.
 12332 | D:15     | Found a runed translucent gate.
 12541 | Lair:1   | Entered Level 1 of the Lair of Beasts
 12688 | Orc:1    | Entered Level 1 of the Orcish Mines
 13152 | Orc:2    | Entered Level 2 of the Orcish Mines
 13152 | Orc:2    | Noticed Rupert
 13152 | Orc:2    | Found a staircase to the Elven Halls.
 13187 | Orc:2    | Found a transporter.
 13208 | Orc:2    | Reached skill level 15 in Shields
 13349 | Orc:2    | Paralysed by an ogre mage for 5 turns
 13374 | Orc:1    | Reached XP level 15. HP: 110/137 MP: 20/22
 13533 | Orc:2    | Identified the +2 great mace of the Morning {pain, rElec
                  | rF++ Dex-3 SInv}
 13533 | Orc:2    | Noticed zen1337's ghost (journeyman DsCj)
 13534 | Orc:2    | Found a transporter.
 13544 | Orc:2    | Killed Rupert
 13545 | Orc:2    | Reached skill level 5 in Translocations
 13602 | Orc:2    | Found Date's Distillery.
 13602 | Orc:2    | Found Zavuc's Antique Weapon Shoppe.
 13603 | Orc:2    | Found Eniacs's Distillery.
 13603 | Orc:2    | Found Tihiehurghu's Antique Weapon Shop.
 13625 | Orc:2    | Bought a potion of curing for 45 gold pieces
 13625 | Orc:2    | Bought a potion of curing for 45 gold pieces
 13625 | Orc:2    | Bought a potion of haste for 150 gold pieces
 13625 | Orc:2    | Bought a potion of might for 60 gold pieces
 13625 | Orc:2    | Bought a potion of attraction for 45 gold pieces
 13626 | Orc:2    | Bought a potion of curing for 54 gold pieces
 13626 | Orc:2    | Bought a potion of curing for 54 gold pieces
 13626 | Orc:2    | Bought a potion of curing for 54 gold pieces
 13626 | Orc:2    | Bought a potion of heal wounds for 90 gold pieces
 13626 | Orc:2    | Bought a potion of cancellation for 144 gold pieces
 13626 | Orc:2    | Bought a potion of flight for 54 gold pieces
 13626 | Orc:2    | Bought a potion of might for 72 gold pieces
 13626 | Orc:2    | Bought a potion of might for 72 gold pieces
 13626 | Orc:2    | Bought a potion of lignification for 54 gold pieces
 13908 | Orc:2    | Noticed Erolcha
 13916 | Orc:2    | Killed Erolcha
 14457 | Lair:1   | Noticed Nergalle
 14468 | Lair:1   | Killed Nergalle
 15254 | Lair:2   | Reached ***** piety under the Shining One
 16150 | Lair:3   | Reached skill level 5 in Dodging
 16217 | Lair:3   | Found a staircase to the Snake Pit.
 16746 | Lair:3   | Found a staircase to the Swamp.
 16847 | Lair:4   | Noticed Snorg
 16855 | Lair:4   | Killed Snorg
 17912 | Lair:4   | Found a staircase to the Slime Pits.
 17926 | Lair:5   | Entered Level 5 of the Lair of Beasts
 17986 | Lair:5   | Reached skill level 15 in Fighting
 18051 | Lair:5   | Reached skill level 15 in Armour
 18101 | Lair:5   | Reached XP level 16. HP: 138/149 MP: 24/24
 18310 | Lair:5   | Found a large runed translucent door.
 18333 | Lair:5   | Found a large runed translucent door.
 18369 | Lair:5   | Identified the +8 rapier "Qapena" {freeze, rPois rF+ rN+
                  | Will-}
 19398 | Elf:1    | Entered Level 1 of the Elven Halls
 19401 | Elf:1    | Paralysed by an air elemental for 1 turns
 19455 | Elf:1    | Found Dimmoupu's Weapon Shop.
 19561 | Elf:1    | Found a magical portal.
 19570 | WizLab   | Entered Eringya's Formal Garden
 19631 | WizLab   | Noticed a thorn hunter
 19648 | WizLab   | Killed a thorn hunter
 19680 | WizLab   | Got the Tome of Gusty Orogeny
 19693 | WizLab   | Noticed a deep elf master archer
 19730 | WizLab   | Noticed a deep elf master archer
 19730 | WizLab   | Killed a deep elf master archer
 19743 | WizLab   | Killed a deep elf master archer
 19764 | WizLab   | Noticed a thorn hunter
 19775 | WizLab   | Noticed a deep elf master archer
 19779 | WizLab   | Killed a deep elf master archer
 19831 | Elf:1    | Found a frozen archway.
 19835 | IceCv    | Entered an ice cave
 20478 | Elf:1    | Identified the +3 leather armour "Vibluug" {rPois rC+ rCorr
                  | Int+3}
 21246 | Snake:1  | Entered Level 1 of the Snake Pit
 21267 | Snake:1  | Reached XP level 17. HP: 153/159 MP: 26/26
 23213 | Snake:2  | Noticed Azrael
 23233 | Snake:2  | Killed Azrael
 24312 | Snake:3  | HP: 3/159 [naga warrior/+0 glaive (32)]
 24312 | Snake:3  | The Shining One protects you from harm!
 24319 | Snake:4  | Entered Level 4 of the Snake Pit
 24319 | Snake:4  | Found a radiant altar of Vehumet.
 25553 | Snake:4  | Found a runed translucent door.
 25553 | Snake:4  | Noticed Kununneg's ghost (journeyman TeAE)
 25569 | Snake:4  | Killed Kununneg's ghost
 25760 | Snake:4  | Reached skill level 15 in Invocations
 25785 | Snake:4  | Reached XP level 18. HP: 131/171 MP: 13/28
 26637 | Snake:4  | Got a serpentine rune of Zot
 28494 | Snake:3  | Noticed Vashnia
 28509 | Snake:3  | Killed Vashnia
 29095 | Elf:1    | Paralysed by an air elemental for 1 turns
 29418 | Vaults:1 | Entered Level 1 of the Vaults
 29848 | Abyss:3  | Cast into level 3 of the Abyss (a wizard)
 29900 | Abyss:3  | Noticed a bone dragon
 29931 | Abyss:3  | Found a corrupted altar of Lugonu.
 30077 | Abyss:3  | Noticed a lich
 30080 | Abyss:3  | Killed a lich
 30115 | Abyss:3  | Found a burning altar of Makhleb.
 30148 | Abyss:3  | Found a corrupted altar of Lugonu.
 30184 | Vaults:1 | Escaped the Abyss
 30587 | Vaults:1 | Reached XP level 19. HP: 179/183 MP: 30/30
 31295 | Vaults:2 | Found a portal to a secret trove of treasure.
 31443 | Vaults:2 | Noticed Zenata
 31458 | Vaults:2 | Killed Zenata
 31797 | Vaults:2 | Reached skill level 15 in Maces & Flails
 32080 | Vaults:2 | Identified the +6 scimitar "Jaysun" {flame, rElec Dex+4}
 32375 | Vaults:2 | Noticed Mara
 32377 | Vaults:2 | Noticed Amplified's illusion
 32406 | Vaults:2 | Killed Mara
 32766 | Vaults:2 | Reached skill level 5 in Spellcasting
 32835 | Vaults:2 | Found a transporter.
 32836 | Vaults:2 | Noticed a dread lich
 32837 | Vaults:2 | Noticed Yloucecuu's ghost (veteran SpEn)
 32838 | Vaults:2 | Noticed ripuliukko's ghost (adept GrEE)
 32850 | Vaults:2 | Found a transporter.
 33176 | Vaults:3 | Found Guhuciy's Jewellery Shoppe.
 33179 | Vaults:3 | Bought the ring of the Two Names {Will+++ MP+9 Int+2} for
                  | 769 gold pieces
 34058 | Vaults:3 | Reached XP level 20. HP: 99/193 MP: 31/31
 34702 | Vaults:3 | Found a staircase to the Crypt.
 35502 | Crypt:1  | Entered Level 1 of the Crypt
 35675 | Crypt:1  | Reached skill level 10 in Dodging
 35955 | Crypt:1  | Reached ****** piety under the Shining One
 35993 | Crypt:1  | Identified a +4 sacred scourge of holy wrath (a +2 demon
                  | whip of draining blessed by the Shining One)
 35993 | Crypt:1  | Received a gift from the Shining One
 36655 | Crypt:2  | Noticed Bai Suzhen
 36682 | Crypt:2  | Killed Bai Suzhen
 37287 | Crypt:3  | Entered Level 3 of the Crypt
 37311 | Crypt:3  | Identified the +1 halberd of Dakiat {heavy, Will+ Stlth+}
 37834 | Crypt:3  | Found a staircase to the Tomb.
 38057 | Crypt:3  | Noticed a dread lich
 38064 | Crypt:3  | Noticed a bone dragon
 38069 | Crypt:3  | Killed a dread lich
 38090 | Crypt:3  | Killed a bone dragon
 38104 | Crypt:3  | Reached XP level 21. HP: 204/204 MP: 32/32
 38257 | Crypt:3  | Found a basalt altar of Yredelemnul.
 38649 | Crypt:3  | Reached skill level 1 in Throwing
 38933 | Crypt:2  | Identified the +0 scale mail of Negligence {Dex+3}
 39907 | Vaults:3 | Reached skill level 5 in Throwing
 40739 | Vaults:4 | Identified the +0 pair of gloves "Lyth" {-Tele rPois rN+++
                  | Str-2}
 40751 | Vaults:4 | Identified the +7 chain mail of the Great Game {rPois MP+9
                  | Str+3}
 40764 | Vaults:4 | Identified the +1 cloak of Dim Light {rElec rN+}
 41623 | Vaults:4 | Found Howog's Distillery.
 41641 | Vaults:4 | Bought a potion of might for 60 gold pieces
 41641 | Vaults:4 | Bought a potion of curing for 45 gold pieces
 41641 | Vaults:4 | Bought a potion of haste for 150 gold pieces
 41641 | Vaults:4 | Bought a potion of flight for 45 gold pieces
 41641 | Vaults:4 | Bought a potion of curing for 45 gold pieces
 41999 | Depths:1 | Entered Level 1 of the Depths
 42207 | Depths:1 | Found Zinung's Blood Bar.
 42271 | Depths:1 | Identified the +1 leather armour "Ymaown Usiny" {Fly rCorr
                  | Str+3}
 42305 | Depths:1 | Reached XP level 22. HP: 215/215 MP: 34/34
 42345 | Depths:1 | Found an iron altar of Okawaru.
 42422 | Depths:1 | Found a gateway to Hell.
 43057 | Depths:3 | Found a one-way gate to the infinite horrors of the Abyss.
 43059 | Depths:4 | Entered Level 4 of the Depths
 43454 | Depths:4 | Noticed a golden dragon
 43740 | Depths:4 | Found a one-way gateway to a ziggurat.
 43904 | Depths:4 | Reached skill level 10 in Throwing
 43977 | Depths:4 | Noticed a golden dragon
 44036 | Depths:4 | Killed a golden dragon
 44042 | Depths:4 | Killed a golden dragon
 44068 | Depths:4 | Found a runed translucent door.
 44068 | Depths:4 | Found a runed translucent door.
 44275 | Depths:4 | Found a runed translucent door.
 44333 | Depths:4 | Found a runed translucent door.
 44362 | Depths:4 | Found a runed translucent door.
 44365 | Depths:4 | Found a runed translucent door.
 44517 | Depths:4 | Found a gate to the Realm of Zot.
 45873 | Depths:3 | Noticed a golden dragon
 45882 | Depths:3 | Killed a golden dragon
 46089 | Depths:3 | Noticed a golden dragon
 46096 | Depths:3 | Killed a golden dragon
 46359 | Depths:3 | Found a one-way gate leading to the halls of Pandemonium.
 46417 | Depths:3 | Found an ancient bone altar of Kikubaaqudgha.
 46921 | Depths:2 | Reached XP level 23. HP: 214/227 MP: 35/35
 47393 | Depths:2 | Identified the +0 chain mail of Midnight {Rampage Int+3
                  | Dex-4}
 47635 | Depths:2 | Found a sparkling altar of Nemelex Xobeh.
 48219 | Swamp:1  | Entered Level 1 of the Swamp
 48359 | Swamp:1  | Identified a scroll of acquirement
 48417 | Swamp:1  | Acquired a manual of Shields
 50776 | Swamp:3  | Noticed Donald
 50783 | Swamp:3  | Killed Donald
 51091 | Swamp:4  | Entered Level 4 of the Swamp
 51123 | Swamp:4  | Noticed Aizul
 51131 | Swamp:4  | Killed Aizul
 51864 | Swamp:4  | Noticed the 27-headed Lernaean hydra
 51871 | Swamp:4  | Killed the 26-headed Lernaean hydra
 51878 | Swamp:4  | Got a decaying rune of Zot
 52779 | Elf:2    | Identified the +3 spear "Kozace" {flame, rPois Will+ Dex+2
                  | Stlth-}
 53074 | Elf:2    | Found a runed translucent gate.
 53074 | Elf:2    | Found a runed translucent gate.
 53085 | Elf:2    | Found a runed translucent gate.
 53160 | Elf:3    | Entered Level 3 of the Elven Halls
 53236 | Elf:3    | Found Vaucakuc's Distillery.
 53238 | Elf:3    | Found Haatoe Pali's General Store.
 53238 | Elf:3    | Found Vuckoti's Assorted Antiques.
 53244 | Elf:3    | Bought a potion of heal wounds for 95 gold pieces
 53244 | Elf:3    | Bought a potion of curing for 57 gold pieces
 53244 | Elf:3    | Bought a potion of curing for 57 gold pieces
 53244 | Elf:3    | Bought a potion of heal wounds for 95 gold pieces
 53244 | Elf:3    | Bought 3 potions of haste for 570 gold pieces
 53244 | Elf:3    | Bought a potion of might for 76 gold pieces
 53244 | Elf:3    | Bought a potion of mutation for 152 gold pieces
 53244 | Elf:3    | Bought a potion of mutation for 152 gold pieces
 53244 | Elf:3    | Found Juivab's Magic Scroll Shoppe.
 53251 | Elf:3    | Bought a scroll of teleportation for 54 gold pieces
 53251 | Elf:3    | Bought a scroll of fog for 72 gold pieces
 53251 | Elf:3    | Bought a scroll of enchant armour for 135 gold pieces
 53254 | Elf:3    | Bought a scroll of teleportation for 57 gold pieces
 53823 | Elf:3    | Reached skill level 27 in Shields
 54243 | Elf:3    | Reached XP level 24. HP: 214/238 MP: 36/36
 54290 | Elf:3    | Identified the +4 scale mail "Esauz" {Fly}
 54290 | Elf:3    | Identified the ring "Qothel" {Fly rElec rPois Slay+3}
 54319 | Elf:3    | Identified the staff of fire "Otanofes" {rF+ Int+4 Dex-5}
 54366 | Elf:3    | Got the Dissertation on Snow-white Alteration
 54374 | Elf:3    | Identified the +2 scale mail "Saurr" {Harm rElec rF- rC++}
 54374 | Elf:3    | Identified the ring of Ecoje {rCorr Slay+5}
 54412 | Elf:3    | Identified the ring "Ataok" {rPois Will+}
 54427 | Elf:3    | Identified the staff of cold "Ijoream" {rC+ Int+3}
 54446 | Elf:3    | Identified the +2 quarterstaff "Yppijeev" {venom, Str-5
                  | Dex+4}
 54668 | Elf:2    | Noticed Asterion
 54679 | Elf:2    | Killed Asterion
 55758 | Vaults:5 | Entered Level 5 of the Vaults
 55765 | Vaults:5 | Noticed an ancient lich
 55777 | Vaults:5 | Killed an ancient lich
 55805 | Vaults:5 | Noticed a dread lich
 55821 | Vaults:5 | Killed a dread lich
 55839 | Vaults:5 | Identified the ring of Cynicism {Wiz rElec rF+ rC+ rCorr}
 55848 | Vaults:5 | Identified the ring of Muur {rC+ Will+ Str+6 SInv Stlth-}
 56117 | Vaults:5 | Identified the ring "Hoosiam" {Ice rPois SInv}
 56155 | Vaults:5 | Reached skill level 27 in Fighting
 56181 | Vaults:5 | Identified the amulet "Oxkyth" {rN++ Regen+ Str-5}
 56325 | Vaults:5 | Found Burac's Jewellery Emporium.
 56352 | Vaults:5 | Noticed Mennas
 56373 | Vaults:5 | Killed Mennas
 56954 | Vaults:5 | Noticed an ancient lich
 56972 | Vaults:5 | Killed an ancient lich
 57004 | Vaults:5 | Reached XP level 25. HP: 232/257 MP: 36/36
 57225 | Vaults:5 | Got a silver rune of Zot
 57291 | Vaults:5 | Identified the +0 robe of Fize Kuu {-Tele Int+2 Dex+3}
 57392 | Vaults:5 | Noticed an ancient lich
 57402 | Vaults:5 | Killed an ancient lich
 57794 | Vaults:5 | Identified the +2 ring mail "Ipasy" {rPois Dex+3 SInv
                  | Stlth+}
 57948 | Vaults:2 | Killed a dread lich
 57950 | Vaults:2 | Killed Yloucecuu's ghost
 57991 | Vaults:2 | Killed ripuliukko's ghost
 58010 | Vaults:2 | Identified the +1 pair of gloves of Deol {rElec rN+}
 58488 | Vaults:2 | You paid a toll of +4 shadow dragon scales to enter a
                  | treasure trove
 58489 | Trove    | Entered a treasure trove
 58493 | Trove    | Identified the ring "Bado" {rC+ MP+9}
 58500 | Trove    | Identified the ring of the Scarab {MP+9 Slay+2}
 58506 | Trove    | Identified the amulet of the Country {RegenMP Will- rCorr
                  | Str+6}
 58509 | Trove    | Identified the ring of Xeetifru {Ice rN+ Will+ Str-2}
 58514 | Trove    | Identified the ring "Lagitass" {MP+9 Int+3}
 58517 | Trove    | Identified the ring "Oleav" {Ice rCorr}
 58519 | Trove    | Identified the ring "Xunk" {Ice Will+}
 58524 | Trove    | Identified the ring "Womy" {rC+ rN+ Str-3 SInv}
 58554 | Vaults:2 | Upgraded the game from 0.30.1-9-gdf580d7c3d to
                  | 0.30.1-11-g7821555f0a
 58766 | Depths:3 | Voluntarily entered the Abyss.
 58968 | Abyss:3  | Learned a level 4 spell: Manifold Assault
 59024 | Abyss:3  | Got an abyssal rune of Zot
 59166 | Depths:3 | Escaped the Abyss
 59562 | Slime:1  | Entered Level 1 of the Pits of Slime
 59579 | Slime:1  | Gained mutation: Your magical capacity is low. (-10% MP) [a
                  | shining eye]
 59753 | Slime:5  | Entered Level 5 of the Pits of Slime
 60210 | Slime:5  | Gained mutation: Your body sometimes deteriorates upon
                  | taking damage. [a shining eye]
 60211 | Slime:5  | Gained mutation: You occasionally lose the ability to drink
                  | potions when taking damage. [a shining eye]
 60220 | Slime:5  | Noticed the Royal Jelly
 60262 | Slime:5  | Found a viscous altar of Jiyva.
 60276 | Slime:5  | Gained mutation: You are clumsy. (Dex -2) [a shining eye]
 60278 | Slime:5  | Lost mutation: Your body sometimes deteriorates upon taking
                  | damage. [potion of mutation]
 60278 | Slime:5  | Lost mutation: You are clumsy. (Dex -2) [potion of
                  | mutation]
 60278 | Slime:5  | Gained mutation: Your muscles are strong. (Str +4, Int/Dex
                  | -1) [potion of mutation]
 60282 | Slime:5  | Lost mutation: Your magical capacity is low. (-10% MP)
                  | [potion of mutation]
 60282 | Slime:5  | Lost mutation: You occasionally lose the ability to drink
                  | potions when taking damage. [potion of mutation]
 60282 | Slime:5  | Gained mutation: You occasionally lose the ability to drink
                  | potions when taking damage. [potion of mutation]
 60282 | Slime:5  | Gained mutation: You are clumsy. (Dex -2) [potion of
                  | mutation]
 60282 | Slime:5  | Gained mutation: Your system is resistant to poisons.
                  | (rPois) [potion of mutation]
 60283 | Slime:5  | Lost mutation: Your muscles are strong. (Str +4, Int/Dex
                  | -1) [potion of mutation]
 60283 | Slime:5  | Lost mutation: Your system is resistant to poisons. (rPois)
                  | [potion of mutation]
 60283 | Slime:5  | Lost mutation: You occasionally lose the ability to drink
                  | potions when taking damage. [potion of mutation]
 60283 | Slime:5  | Gained mutation: You have sharp fingernails. [potion of
                  | mutation]
 60283 | Slime:5  | Gained mutation: Your mind is acute. (Int +4, Str/Dex -1)
                  | [potion of mutation]
 60367 | Slime:5  | Killed the Royal Jelly
 60397 | Slime:5  | Got the Atlas of Molten Necromantic Spells
 60418 | Slime:5  | Identified the staff of death "Uritoluss" {rN+ Str+3}
 60427 | Slime:5  | Identified the staff of conjuration "Tiov Nong" {rN+}
 60482 | Slime:5  | Identified the staff of air "Luwkek" {rElec rF+}
 60487 | Slime:5  | Identified the +4 battleaxe "Bingo" {heavy, rPois Int+2}
 60489 | Slime:5  | Got a slimy rune of Zot
 60512 | Slime:5  | Identified the +1 sling "Loazxeys" {elec, rElec Stlth+}
 61074 | Zot:1    | Entered Level 1 of the Realm of Zot
 61074 | Zot:1    | Noticed an ancient lich
 61075 | Zot:1    | Found the +4 dragonskin cloak
 61075 | Zot:1    | Noticed Tiamat
 61086 | Zot:1    | Noticed a Killer Klown
 61096 | Depths:4 | Killed an ancient lich
 61100 | Zot:1    | Noticed a Killer Klown
 61164 | Zot:1    | Noticed a Killer Klown
 61173 | Depths:4 | Killed a Killer Klown
 61182 | Zot:1    | Noticed a Killer Klown
 61247 | Zig:1    | Entered Level 1 of a ziggurat
 61248 | Zig:1    | Noticed Ygeaso the pandemonium lord
 61257 | Zig:1    | Killed Ygeaso the pandemonium lord
 61271 | Zig:2    | Entered Level 2 of a ziggurat
 61377 | Zig:3    | Entered Level 3 of a ziggurat
 61401 | Zig:3    | Got Aqexaz's Precepts of the Frigorific Morgue
 61410 | Zig:4    | Entered Level 4 of a ziggurat
 61448 | Zig:5    | Entered Level 5 of a ziggurat
 61633 | Zig:6    | Entered Level 6 of a ziggurat
 61900 | Zig:7    | Entered Level 7 of a ziggurat
 61913 | Zig:7    | Reached XP level 26. HP: 257/266 MP: 38/38
 61991 | Zig:8    | Entered Level 8 of a ziggurat
 62040 | Zig:8    | Identified the +7 double sword "Zyirho" {flame, rElec rF++}
 62043 | Zig:9    | Entered Level 9 of a ziggurat
 62105 | Zig:9    | Identified the ring "Fateomirr" {rPois rC+ Int+3 Dex+4}
 62107 | Zig:9    | Identified the +3 glaive of Imminent Death {elec, Int+5
                  | Dex+3}
 62114 | Zig:9    | Identified the +5 plate armour of Articulation {Will- Int+4
                  | Stlth+}
 62326 | Zig:9    | Identified the staff of fire "Arir" {rF+ Will+ Str+3}
 62330 | Zig:10   | Entered Level 10 of a ziggurat
 62338 | Zig:10   | Noticed a dread lich
 62342 | Zig:10   | Killed a dread lich
 62378 | Zig:10   | Reached XP level 27. HP: 249/273 MP: 38/38
 62417 | Zig:11   | Entered Level 11 of a ziggurat
 62427 | Zig:11   | Noticed Vaekhlab the pandemonium lord
 62438 | Zig:11   | Killed Vaekhlab the pandemonium lord
 62439 | Zig:11   | Identified the +8 glaive "Ikutzej" {freeze, rElec}
 62701 | Depths:4 | Killed Tiamat
 62930 | Zot:1    | Reached skill level 15 in Dodging
 63045 | Zot:1    | a Killer Klown changed into a juggernaut
 63045 | Zot:1    | Noticed a juggernaut
 63049 | Zot:1    | Killed a juggernaut
 64183 | Zot:2    | Noticed an orb of fire
 64189 | Zot:2    | Gained mutation: Your magical capacity is low. (-10% MP)
                  | [an orb of fire]
 64204 | Zot:2    | Killed an orb of fire
 66391 | Zot:4    | Noticed an orb of fire
 66529 | Zot:4    | Gained mutation: You are very clumsy. (Dex -4) [an orb of
                  | fire]
 66535 | Zot:4    | Killed an orb of fire
 66699 | Zot:5    | Entered Level 5 of the Realm of Zot
 67234 | Zot:4    | Identified the +8 longbow "Idinlo" {flame, Int+3}
 68976 | D:15     | Found a runed translucent gate.
 68976 | D:15     | Found a runed translucent gate.
 68987 | D:15     | Found a runed translucent gate.
 68987 | D:15     | Noticed Sueshom's ghost (adept GnMo)
 68998 | D:15     | Gained mutation: You have very sharp fingernails. [a
                  | neqoxec]
 69007 | D:15     | Killed Sueshom's ghost
 69022 | D:15     | Identified the +0 cloak of Past Mistakes {rElec Dex+7
                  | Stlth-}
 69255 | Orc:2    | Killed zen1337's ghost
 70132 | Zot:5    | Noticed a dread lich
 70139 | Zot:5    | Noticed an ancient lich
 70156 | Zot:5    | Killed an ancient lich
 70157 | Zot:5    | Killed a dread lich
 70359 | Zot:5    | Noticed an orb of fire
 70379 | Zot:5    | Lost mutation: Your mind is acute. (Int +4, Str/Dex -1) [an
                  | orb of fire]
 70381 | Zot:5    | Killed an orb of fire
 70566 | Zot:5    | Noticed an orb of fire
 70583 | Zot:5    | Killed an orb of fire
 70596 | Zot:5    | Noticed an orb of fire
 70601 | Zot:5    | Gained mutation: You have hidden genetic defects. [an orb
                  | of fire]
 70606 | Zot:5    | Killed an orb of fire
 70667 | Zot:5    | Lost mutation: You have hidden genetic defects. [potion of
                  | mutation]
 70667 | Zot:5    | Lost mutation: You are very clumsy. (Dex -4) [potion of
                  | mutation]
 70667 | Zot:5    | Lost mutation: You are clumsy. (Dex -2) [potion of
                  | mutation]
 70667 | Zot:5    | Gained mutation: You are strong-willed. (Will+) [potion of
                  | mutation]
 70667 | Zot:5    | Gained mutation: You expend magic power (3 MP) to
                  | strengthen your wands. [potion of mutation]
 70667 | Zot:5    | Lost mutation: Your magical capacity is low. (-10% MP)
                  | [potion of mutation]
 70667 | Zot:5    | Gained mutation: You are covered in fur. (AC +1) [potion of
                  | mutation]
 70841 | Zot:5    | Got the Orb of Zot
 71099 | Depths:1 | Noticed Sofoseha the pandemonium lord
 71456 | D:$      | Escaped with the Orb!

Illustrated notes

Levels and vault maps discovered:
D:1:      dpeg_arrival_arbitrary_a, layout_basic,
          hellmonk_ecumenical_altar_pennies_from_heaven, hangedman_glass_teeth
D:2:      layout_basic
D:3:      layout_loops_ring, slow_altar_1, mainiacjoe_overflow_alcove_1
D:4:      layout_cave_pools, mainiacjoe_overflow_paths, ebering_ghost_sewer_d,
          minmay_splitting_lines, minmay_misc_feat_cross, corexii_corridor_pit,
          kennysheep_generic_room_2
D:5:      layout_loops_cross, grunt_temple_overflow_order_and_chaos_1,
          nicolae_ru_awakened_eye, uniq_edmund
D:6:      layout_loops_ring, worldfamousw_hep_ancestral_shrine,
          lemuel_coloured_pillars_altar, dreamdust_princess_corridor
D:7:      layout_basic, minmay_temple_entry_wispy, nicolae_shop_clearance
D:8:      layout_loops_ring, overflow_temple_1_default, marbit_many_paths,
          lair_entry_dummy, uniq_maggie
D:9:      layout_cave_pools
D:10:     layout_irregular_city, general_overflow_altar, minivault_28
D:11:     layout_roguey, david_orc_4
D:12:     layout_grid_maze, serial_shops, shop
D:13:     layout_layer_cave, uniq_frances
D:14:     layout_loops_ring, erik_vaults_2, serial_shops,
          nicolae_shop_peninsula, kennysheep_another_room, uniq_roxanne,
          uniq_nessos, uniq_jorgrun
D:15:     grunt_enter_depths_hoard, layout_irregular_city,
          ploomutoo_gammafunk_ghost_potion_laboratory,
          minmay_misc_feat_nine_boxes
Lair:1:   layout_cave_pods, serial_bayou_shore_b, grunt_megastairs_4,
          uniq_nergalle
Lair:2:   layout_cave_pods
Lair:3:   layout_loops_ring, nicolae_swamp_entry_splash_gauntlet,
          dummy_snake_entry
Lair:4:   beast_lair_carwin_large_4, layout_cave_pods,
          minmay_slime_entry_oklob_open, serial_bayou_shore_a,
          lemuel_fruit_tree, uniq_snorg
Lair:5:   cheibrodos_lair_end_hotspot, layout_long_grid, lemuel_fruit_fields
Swamp:1:  layout_basic_swamp, hangedman_swamp_ruin_wall,
          infiniplex_staircase_pool
Swamp:2:  layout_basic_swamp, evilmike_swamp_ruin_house_1, swamp_pool3
Swamp:3:  layout_falls_marsh, nicolae_swamp_little_tower, uniq_donald
Swamp:4:  grunt_swamp_rune_castle, layout_basic_swamp, swamp_pool1, uniq_aizul
Snake:1:  layout_chambers, dpeg_stationary_puzzle
Snake:2:  layout_basic, nicolae_elevator_lobby_asterisk, uniq_azrael
Snake:3:  layout_misc_corridors, uniq_vashnia
Snake:4:  grunt_snake_rune_serpentine_throne, layout_misc_corridors,
          ebering_ghost_reflecting_pool, basic_altar
Slime:1:  cheibrodos_slime_lost_civilization_9, layout_caves
Slime:2:  layout_caves, basic_altar
Slime:3:  layout_caves
Slime:4:  layout_caves, cheibrodos_slime_lost_civilization_6
Slime:5
Orc:1:    layout_caves
Orc:2:    st_orc_ogre_mass, layout_caves, gammafunk_ghost_smash, basic_altar,
          nicolae_orc_pool_cavern, uniq_erolcha, uniq_rupert
Elf:1:    nicolae_elf_arrival_aired_out, layout_rooms,
          portal_ice_cave_entry_pillars_four, serial_shops, shop,
          mu_enter_wizlab_6, kennysheep_underground_church, minivault_16
Elf:2:    elven_hall_of_blades_hangedman_original
          [nicolae_blade_entry_pointy_end], layout_gridlike, uniq_asterion
Elf:3:    elf_hall_gauntlet_narrow, layout_geoelf_diagonals, minivault_25,
          minmay_shoptagon
Vaults:1: nicolae_vaults_sesquioval_fish, nicolae_vaults_shrinking_rooms_1,
          nicolae_vaults_cochlea, nicolae_vaults_loss_of_containment,
          vaults_dpeg_emergency_exit, nicolae_vaults_house_2,
          nicolae_vaults_trapezoid_layered, nicolae_vaults_house_2,
          vaults_room_grunt_arrival_ludios,
          nicolae_vaults_doubleplus_tesselated, vaults_dpeg_hooks,
          layout_vaults_omnicross
Vaults:2: nzn_ghost_randoct, vaults_dpeg_cross, nicolae_vaults_wine_cellar,
          nicolae_vaults_trapezoid_lopsided_2, nicolae_vaults_mitosis,
          vaults_mumra_hex, ontoclasm_vaults_echo, nicolae_vaults_double_plus_2,
          layout_vaults_omnigrid, serial_hangedman_research,
          hangedman_research_metamorphosis, nicolae_trove_entry_diagonal,
          uniq_mara, uniq_zenata
Vaults:3: v_misc_28, minmay_crypt_entry_simple_box, v_misc_5,
          nicolae_vaults_offset_grid_hallway_3,
          nicolae_vaults_storage_closets_2, hangedman_vaults_corner,
          nicolae_vaults_shelves_hall, vaults_room_fours, v_misc_27,
          layout_vaults_chaotic_city, serial_shops, shop
Vaults:4: nicolae_vaults_diamond_1, nicolae_vaults_alarming,
          nicolae_vaults_weapon_check, hangedman_vaults_stitches, v_misc_19,
          nicolae_vaults_shrinking_rooms_2, hangedman_vaults_locks,
          nicolae_vaults_house_1, ontoclasm_vaults_decontamination,
          hangedman_vaults_corner_blocks, ontoclasm_vaults_loading_screen,
          layout_vaults_maze, serial_shops, nicolae_shop_peninsula
Vaults:5: uniq_mennas
Crypt:1:  layout_gridlike, hangedman_batty
Crypt:2:  layout_gridlike, st_stairs_11, nicolae_crypt_soggy_tomb,
          uniq_bai_suzhen, uniq_margery
Crypt:3:  church_of_pain_bobbens, layout_chaotic_city
Depths:1: minmay_stepped, layout_basic, hell_entry, okawaru_trees_2,
          guppyfry_shop_blood
Depths:2: minmay_haunted_quarter, layout_cave_pools, hell_entry,
          nemelex_spade_bored_becter, pan_entry, grunt_ministairs_9
Depths:3: grunt_double_whammy, layout_cave_pools, abyss_entry, grunt_metal_band,
          pan_entry, kiku_gazebo_garden_becter, grunt_ministairs_5
Depths:4: evilmike_zot_entry_castle, layout_cave_pools, enter_ziggurat_d,
          pf_vacation_house_of_asmodeus
Zot:1:    ebering_greatest_show_in_zot, layout_misc_corridors, uniq_tiamat
Zot:2:    layout_misc_corridors
Zot:3:    layout_misc_corridors, st_small_dragon_hoard_5
Zot:4:    layout_cathedral_of_symmetry
Zot:5:    layout_misc_corridors

Skill      XL: |  1  2  3  4  5  6  7  8  9 10 11 12 13 14 15 16 17 18 19 20 21 22 23 24 25 26 27 |
---------------+----------------------------------------------------------------------------------+-----
Armour         | 1 2 3 4 6 7 8 9 10 12 13 15 16 17 19 25 | 25.0
Fighting       | 2 3 4 5 6 8 9 10 12 13 15 16 17 19 20 21 22 23 24 27 | 27.0
Maces & Flails | 1 2 3 4 6 7 11 12 13 14 16 | 16.3
Shields        | 1 2 3 4 6 7 11 12 13 15 17 18 19 20 21 22 27 | 27.0
Invocations    | 1 2 3 4 6 7 8 10 11 12 13 15 16 17 18 19 20 21 24 | 24.3
Translocations | 1 2 3 4 5 6 |  6.5
Dodging        | 6 8 9 10 12 14 21 | 21.0
Spellcasting   | 3 4 5 7 8 |  8.3
Throwing       | 8 12 13 | 13.3
Ranged Weapons | |  2.1
Hexes          | |  2.0

Action                     |  1- 3 |  4- 6 |  7- 9 | 10-12 | 13-15 | 16-18 | 19-21 | 22-24 | 25-27 || total
---------------------------+-------+-------+-------+-------+-------+-------+-------+-------+-------++-------
  Melee: Club              |    17 |       |       |       |       |       |       |       |       ||    17
         Headbutt          |    18 |    10 |    37 |    93 |   377 |   435 |   693 |   556 |   739 ||  2958
         Whip              |    34 |       |       |       |       |       |       |       |       ||    34
         Dagger            |     4 |       |       |       |       |       |       |       |       ||     4
         Flail             |     3 |    71 |   152 |   296 |   998 |  1193 |    59 |       |       ||  2772
         Eveningstar       |       |       |       |       |       |       |   656 |  1489 |   993 ||  3138
         Sacred scourge    |       |       |       |       |       |       |  1077 |    38 |   955 ||  2070
   Fire: Sling             |    10 |       |       |       |       |       |       |       |       ||    10
  Throw: Throwing net      |       |       |       |       |       |       |       |       |     1 ||     1
   Cast: Slow              |     1 |       |       |       |       |       |       |       |       ||     1
         Manifold Assault  |       |       |       |       |       |       |       |       |     2 ||     2
         Apportation       |       |       |       |       |       |       |       |       |     5 ||     5
 Invoke: Divine Shield     |       |       |     4 |     2 |     6 |     3 |     5 |     8 |     7 ||    35
         Cleansing Flame   |       |       |       |     3 |    16 |    66 |    39 |    43 |    70 ||   237
         Brand Weapon With |       |       |       |       |       |       |     1 |       |       ||     1
         Summon Divine War |       |       |       |       |       |       |       |     3 |     2 ||     5
  Evoke: Wand              |    11 |     1 |     8 |     4 |     3 |     3 |     2 |       |     7 ||    39
         Condenser vane    |       |       |       |       |       |       |       |       |     1 ||     1
    Use: Scroll            |     3 |     6 |     5 |    11 |     5 |    22 |    16 |    14 |    24 ||   106
         Potion            |       |       |     2 |     5 |     5 |    20 |     6 |     9 |    25 ||    72
 Armour: Robe              |    12 |       |       |       |       |       |       |       |       ||    12
         Chain mail        |     3 |    31 |    97 |   165 |   257 |   357 |   264 |   412 |   452 ||  2038
         Plate armour      |       |       |       |       |       |       |    64 |       |       ||    64
         Gold dragon scale |       |       |       |       |       |       |       |       |    72 ||    72
  Dodge: Dodged            |    37 |    13 |    28 |    82 |   304 |   222 |   214 |   296 |   348 ||  1544
  Block: Kite shield       |     9 |    32 |    65 |   202 |   648 |   265 |       |       |       ||  1221
         Reflection        |       |       |       |       |       |   192 |    60 |    64 |    82 ||   398
         Tower shield      |       |       |       |       |       |  1076 |  1923 |  1840 |  2332 ||  7171
